 Dungeon Crawl Stone Soup version 0.30-a0-782-ge64f9170bb (webtiles) character file.

Game seed: 14605161479640554975

53 senseless the Chopper (level 3, -2/29 HPs)
             Began as a Demonspawn Gladiator on Mar 10, 2023.
             Killed from afar by an orc wizard (4 damage)
             ... with a magic dart
             ... on level 3 of the Dungeon.
             The game lasted 00:04:37 (1810 turns).

senseless the Chopper (Demonspawn Gladiator)        Turns: 1810, Time: 00:04:37

Health: -2/29      AC:  6    Str: 18    XL:     3   Next: 64%
Magic:  3/3        EV: 11    Int:  9    God:
Gold:   93         SH:  0    Dex: 14    Spells: 2/2 levels left

rFire   + + .      SeeInvis .    j - +1 battleaxe of Uhocruah {heavy, *Noise rF+ Str+2}
rCold   . . .      Faith    .    (shield currently unavailable)
rNeg    . . .      Spirit   .    n - +1 ring mail {rF+}
rPois   .          Reflect  .    (helmet restricted)
rElec   .          Harm     .    (no cloak)
rCorr   +          Rampage  .    (no gloves)
Will    .....                    (no boots) Stlth
                                 (no amulet)
HPRegen 0.24/turn                h - ring of resist corrosion
MPRegen 0.08/turn                (no ring)

@: confused
A: horns 1, demonic guardian 1
a: no special abilities


You were on level 3 of the Dungeon.
You visited 1 branch of the dungeon, and saw 3 of its levels.

You collected 93 gold pieces.

Inventory:

Hand Weapons
 a - a +0 war axe
 j - the +1 battleaxe of Uhocruah (weapon) {heavy, *Noise rF+ Str+2}
   (You acquired it on level 2 of the Dungeon)

   Str:       It affects your strength (+2).
   rF:        It protects you from fire.
   *Noise:    It may make noises in combat.
Missiles
 d - 3 throwing nets (quivered)
 e - a javelin
Armour
 b - a +0 leather armour
 c - a +0 helmet
 i - an orb of energy
 n - a +1 ring mail of fire resistance (worn)
Jewellery
 h - a ring of resist corrosion (left hand)
Scrolls
 f - 3 scrolls of teleportation
 g - a scroll of identify
 m - a scroll of poison {unknown}
Potions
 k - 3 potions of heal wounds
 l - a potion of brilliance


   Skills:
 * Level 3.0 Fighting
 + Level 3.1 Axes
 - Level 1.7 Throwing
 + Level 1.1 Armour
 + Level 3.0 Dodging


You had 2 spell levels left.
You didn't know any spells.
Your spell library contained the following spells:

 Spells                   Type           Power      Damage    Failure   Level
 Scorch                   Fire           0%         2d5       73%         2
 Flame Wave               Conj/Fire      0%         2d4       100%        4
 Summon Cactus Giant      Summ           0%         N/A       100%        6


Dungeon Overview and Level Annotations

Branches:
Dungeon (3/15)

Altars:


Innate Abilities, Weirdness & Mutations

You have a pair of small horns on your head.
A weak demonic guardian rushes to your aid.


Message History

No target in view!
No target in view!
No target in view!
No target in view!
No target in view!
No target in view!
No target in view!
No target in view!
No target in view!
You miss something. You closely miss something.
Something hits you but does no damage. Something hits you.
Something hits you but does no damage. Something hits you.
You closely miss something. Your headbutt misses something. You miss something.
Something hits you but does no damage. Something hits you. x2
Something hits you but does no damage.
You closely miss something. x2; Something hits you.
You hear some strange, mumbled words.
A magic dart appears from out of thin air!
The magic dart hits you.
Something hits you but does no damage. x2
You closely miss something. You slash something! Something hits you.
Something hits you but does no damage. x4
You hear some strange, mumbled words.
You are confused.
You miss something. x2; Something hits you but does no damage.
Something hits you.
* * * LOW HITPOINT WARNING * * *
Something hits you but does no damage. Something hits you.
* * * LOW HITPOINT WARNING * * *
A demonic guardian appears!
You bump into the rock wall.
Something hits you but does no damage.
You hear some strange, mumbled words.
A magic dart appears from out of thin air!
The magic dart hits you.
* * * LOW HITPOINT WARNING * * *
You bump into the rock wall.
Something hits you but does no damage. x2
You're too confused to move!
You hear some strange, mumbled words.
A magic dart appears from out of thin air!
The magic dart hits you.
You die...

##### ##......#
#......#
#######'####
#........####
#........†..#
#####....÷..###.###
#...........# #...#
###.##5.......#
#...##
#$..{@........#
#.....
#$#.#{#.#######
#..... o..#+#.#.#
##.... ..o## ..#.#
#.... ..... .....#
#.... ...{ ...####
#.... #.. #...
######## #.. ####
#....# #.##.#


You could see a friendly iron imp (summoned).

Vanquished Creatures
  An adder (D:2)
  An orc (D:3)
  3 endoplasms
  2 giant cockroaches
  6 goblins
  2 hobgoblins (D:3)
  8 jackals
  2 quokkas (D:1)
  3 ball pythons
  5 bats
  5 frilled lizards
  A kobold (D:1)
  2 rats (D:1)
41 creatures vanquished.

Notes
Turn   | Place    | Note
-------+----------+-------------------------------------------
     0 | D:1      | senseless the Demonspawn Gladiator began the quest for the
                  | Orb.
     0 | D:1      | Reached XP level 1. HP: 16/16 MP: 1/1
    65 | D:1      | Gained mutation: A weak demonic guardian rushes to your
                  | aid. [demonic ancestry]
    65 | D:1      | Reached XP level 2. HP: 14/22 MP: 2/2
   719 | D:2      | Gained mutation: You have a pair of small horns on your
                  | head. [demonic ancestry]
   719 | D:2      | Reached XP level 3. HP: 28/28 MP: 3/3
   801 | D:2      | Reached skill level 1 in Armour
   972 | D:2      | Found a faded altar of an unknown god.
  1389 | D:2      | Identified a scroll of acquirement
  1389 | D:2      | Acquired the +1 battleaxe of Uhocruah {heavy, *Noise rF+
                  | Str+2}
  1808 | D:3      | HP: 1/29 [something/magic dart (4)]
  1810 | D:3      | Killed from afar by an orc wizard

Illustrated notes

Levels and vault maps discovered:
D:1:      tekkud_arrival_beachfront_property, layout_basic
D:2:      layout_basic, shapermc_ecumenical_altar_flowoftime
D:3:      layout_basic, hellmonk_okawaru_the_only_friend_you_need

Skill      XL: |  1  2  3 |
---------------+----------+-----
Axes           | 3 |  3.1
Armour         | 1 |  1.1
Dodging        | 3 |  3.0
Fighting       | 3 |  3.0
Throwing       | |  1.7

Action                     || total
---------------------------++-------
  Melee: War axe           ||    94
         Punch             ||     1
         Battleaxe         ||    38
         Headbutt          ||     5
    Use: Scroll            ||     7
   Stab: Sleeping          ||     1
 Armour: Leather armour    ||    42
         Ring mail         ||    42
  Dodge: Dodged            ||    97

Table legend: (Time is in decaauts)
 A = Elapsed time spent in this place.
 B = Non-inter-level travel time spent in this place.
 C = Inter-level travel time spent in this place.
 D = Time resting spent in this place.
 E = Time spent auto-exploring this place.
 F = Levels seen in this place.
 G = Mean time per level.
                   A        B        C        D        E       F      G
               +--------+--------+--------+--------+--------+-----+--------+
         Total |   1892 |   1760 |    132 |      0 |   1384 |   3 |  630.7 |
       Dungeon |   1892 |   1760 |    132 |      0 |   1384 |   3 |  630.7 |
               +--------+--------+--------+--------+--------+-----+--------+

Top non-repeatable levels by time:
     D:2: 992 daAuts
     D:3: 464 daAuts
     D:1: 435 daAuts
